 Dungeon Crawl Stone Soup version 0.20.1-1-g8b1a95d (console) character file.

170 bli the Chiller (level 5, 0/38 HPs)
             Began as a Barachi Ice Elementalist on July 23, 2017.
             Slain by a gnoll
             ... wielding a +0 flail
              (8 damage)
             ... on level 3 of the Dungeon.
             The game lasted 00:16:06 (2964 turns).

bli the Chiller (Barachi Ice Elementalist)          Turns: 2964, Time: 00:16:07

Health: 0/38       AC:  0    Str:  9    XL:     5   Next: 51%
Magic:  3/10       EV:  7    Int: 16    God:
Gold:   74         SH:  0    Dex: 13    Spells: 5/10 levels left

rFire    . . .     SeeInvis .   i - +0 dagger
rCold    . . .     Gourm    .   (no shield)
rNeg     . . .     Faith    .   a - +0 robe
rPois    .         Spirit   .   (no helmet)
rElec    .         Reflect  .   (no cloak)
rCorr    .         Harm     .   (no gloves)
MR       .....                  (no boots)
Stlth    ++........             (no amulet)
Regen    0.2/turn               k - -2 ring of protection (curse)
MPRegen  0.2/turn               (no ring)

@: held, slow
A: +LOS, swims, slowness 1, strong legs 1
a: Hop


You were on level 3 of the Dungeon.
You were not hungry.

You visited 1 branch of the dungeon, and saw 3 of its levels.

You collected 74 gold pieces.

Inventory:

Hand Weapons
 f - a +0 short sword
 i - a +0 dagger (weapon)
Missiles
 e - 7 stones (quivered)
Armour
 a - a +0 robe (worn)
 s - a +0 chain mail
 w - a +0 scale mail
Jewellery
 k - a cursed -2 ring of protection (left hand)
Scrolls
 h - a scroll of enchant armour {unknown}
 m - 4 scrolls of teleportation {unknown}
 o - 2 scrolls of remove curse {unknown}
 r - a scroll of magic mapping {unknown}
 t - 2 scrolls of identify {unknown}
Potions
 d - a potion of heal wounds {unknown}
 l - a potion of brilliance {unknown}
 n - 4 potions of magic {unknown}
 p - a potion of haste {unknown}
 q - a potion of cancellation {unknown}
 u - 2 potions of invisibility {unknown}
 x - a potion of might {unknown}
Books
 b - a book of Frost

   Spells                             Type                      Level
   a - Freeze                         Ice                          1
   b - Throw Frost                    Conjuration/Ice              2
   c - Ozocubu's Armour               Charms/Ice                   3
   d - Throw Icicle                   Conjuration/Ice              4
   e - Summon Ice Beast               Ice/Summoning                4
Comestibles
 c - 2 bread rations
 g - a meat ration
 j - 2 fruits


   Skills:
 + Level 2.1 Fighting
 + Level 2.9 Dodging
 + Level 2.1 Stealth
 * Level 3.4 Spellcasting
   Level 1.1 Conjurations
 * Level 0.2 Summonings
 + Level 5.2 Ice Magic


You had 5 spell levels left.
You knew the following spells:

 Your Spells              Type           Power        Failure   Level  Hunger
a - Freeze                Ice            ###.         1%          1    None
b - Summon Ice Beast      Ice/Summ       ##......     50%         4    ####...


Dungeon Overview and Level Annotations

Branches:
Dungeon (3/15)

Altars:
Fedhas

Annotations:
D:2 exclusion: oklob plant


Innate Abilities, Weirdness & Mutations

Shadows flee at your approach. (+LOS)
You can swim through water.
You cover ground slowly.
You can hop short distances.


Message History

You freeze the gnoll.
You kill the gnoll!
Casting: Freeze
Confirm with . or Enter, or press ? or * to list all spells.
Aiming: Freeze
Press: ? - help, Shift-Dir - straight line, f - gnoll
Aim: a gnoll, wielding a flail You freeze the gnoll.
The gnoll is lightly wounded.
The gnoll hits you with a flail!
* * * LOW HITPOINT WARNING * * *
Casting: Freeze
Confirm with . or Enter, or press ? or * to list all spells.
Aiming: Freeze
Press: ? - help, Shift-Dir - straight line, f/p - gnoll
Aim: a gnoll, wielding a flail (lightly wounded)
You freeze the gnoll.
The gnoll is moderately wounded.
The gnoll hits you with a flail!
You die...

r# #. ... #.#. .g..
######### .... #.......#
.... #.......# ####...g
#.......# #....... ####@).##
#.##..g. #g#.## ##.....?.
#####g#..#####........ ###
##..........)))........
#....#..#####...##.)#######.
#....#.......)......## .
#....##..............#
#....#.......g..........(.
#................r.........
#....#.....................
#..........................


You could see 2 gnolls.

Vanquished Creatures
  An orc wizard (D:3)
  An adder (D:2)
  3 gnolls (D:3)
  3 dart slugs (D:1)
  2 leopard geckos
  4 orcs (D:3)
  A ball python (D:3)
  7 bats
  5 giant cockroaches
  11 goblins
  12 hobgoblins
  6 jackals
  5 kobolds
  A quokka (D:2)
  3 frilled lizards
  7 rats
72 creatures vanquished.

Vanquished Creatures (collateral kills)
  3 gnolls (D:3)
  A goblin (D:3)
4 creatures vanquished.

Grand Total: 76 creatures vanquished

Notes
Turn   | Place    | Note
-------+----------+-------------------------------------------
     0 | D:1      | bli the Barachi Ice Elementalist began the quest for the Orb.
     0 | D:1      | Reached XP level 1. HP: 13/13 MP: 3/3
   230 | D:1      | Reached skill level 4 in Ice Magic
   282 | D:1      | Reached XP level 2. HP: 18/19 MP: 1/5
   576 | D:1      | Reached XP level 3. HP: 9/25 MP: 2/6
   581 | D:1      | Reached skill level 1 in Fighting
  1501 | D:2      | Reached XP level 4. HP: 23/33 MP: 2/7
  1512 | D:2      | Learned a level 4 spell: Summon Ice Beast
  1941 | D:2      | Found a blossoming altar of Fedhas.
  1962 | D:2      | Noticed an oklob plant
  2376 | D:3      | Reached XP level 5. HP: 25/38 MP: 2/9
  2381 | D:3      | Reached skill level 5 in Ice Magic
  2964 | D:3      | Slain by a gnoll

Skill      XL: |  1  2  3  4  5 |
---------------+----------------+-----
Ice Magic      | 4 5 |  5.2
Stealth        | 2 |  2.1
Fighting       | 1 2 |  2.1
Spellcasting   | 3 |  3.4
Dodging        | |  2.9
Conjurations   | |  1.1
Summonings     | |  0.2

Action                   |  1- 3 |  4- 6 || total
-------------------------+-------+-------++-------
Melee: Short sword       |    20 |       ||    20
       Unarmed           |     4 |       ||     4
       Dagger            |    64 |    33 ||    97
 Cast: Freeze            |    39 |    51 ||    90
       Summon Ice Beast  |       |     1 ||     1
 Stab: Sleeping          |     2 |     1 ||     3
  Eat: Chunk             |     3 |     4 ||     7
       Fruit             |       |     1 ||     1
Armor: Robe              |    33 |       ||    33
Dodge: Dodged            |    96 |    34 ||   130
